 Dungeon Crawl Stone Soup version 0.21-a0-122-g43b3ea6 (webtiles) character file.

7501 sagitran the Cleaver (level 10, -6/79 HPs)
             Began as a Demonspawn Abyssal Knight on July 13, 2017.
             Was a High Priest of Lugonu.
             Mangled by Ijustatesigmund's ghost (28 damage)
             ... on level 10 of the Dungeon.
             The game lasted 00:48:30 (7923 turns).

sagitran the Cleaver (Demonspawn Abyssal Knight)    Turns: 7923, Time: 00:48:30

Health: -6/79      AC:  9    Str: 21    XL:     10   Next: 95%
Magic:  12/12      EV: 18    Int: 13    God:    Lugonu [*****.]
Gold:   412        SH:  6    Dex: 13    Spells: 9/9 levels left

rFire    . . .     SeeInvis .   o - +8 battleaxe (freeze)
rCold    . . .     Gourm    .   (shield currently unavailable)
rNeg     . . .     Faith    .   k - +0 steam dragon scales
rPois    +         Spirit   .   (no helmet)
rElec    .         Reflect  .   q - +2 cloak
rCorr    .         Harm     .   C - +2 pair of gloves
MR       .....                  (no boots)
Stlth    ++........             (no amulet)
HPRegen  0.23/turn              a - +3 ring of evasion
MPRegen  0.13/turn              r - ring of poison resistance

@: mighty, hasted, very quick
A: hooves 1, large bone plates 2, deformed body, demonic guardian 1, spiny 1
a: Depart the Abyss, Bend Space, Banish, Corrupt, Enter the Abyss, Renounce
Religion


You were on level 10 of the Dungeon.
You worshipped Lugonu.
Lugonu was extremely pleased with you.
You were very hungry.

You visited 1 branch of the dungeon, and saw 10 of its levels.
You visited the Abyss 1 time.

You collected 412 gold pieces.

Inventory:

Hand Weapons
 f - a +3 dagger of freezing
 m - a +4 hand axe
 o - a +8 battleaxe of freezing (weapon)
 y - a +0 blowgun
Missiles
 B - 33 poisoned needles
 H - 6 tomahawks (quivered)
 I - 4 needles of paralysis
Armour
 e - a +2 scale mail of cold resistance
 k - +0 steam dragon scales (worn)
 q - a +2 cloak (worn)
 C - a +2 pair of gloves (worn)
Magical Staves
 u - an uncursed staff of conjuration
Jewellery
 a - a +3 ring of evasion (left hand)
 i - an uncursed ring of protection from magic {unknown}
 r - a ring of poison resistance (right hand)
 t - an uncursed ring of protection from cold
 w - a +5 ring of intelligence
Wands
 F - a wand of polymorph (9/24)
Scrolls
 d - a scroll of immolation
 g - 2 scrolls of blinking
 l - 2 scrolls of teleportation
 s - a scroll of fear
 D - a scroll of vulnerability {unknown}
 E - a scroll of recharging {unknown}
 K - a scroll of summoning {unknown}
 L - a scroll of remove curse
Potions
 c - 2 potions of lignification
 j - 2 potions of brilliance
 n - 2 potions of curing
 v - a potion of might
 x - a potion of agility
 z - a potion of ambrosia
 A - a potion of magic
 J - a potion of cancellation
 N - a potion of berserk rage {unknown}
Books
 M - a book of Callings

   Spells                             Type                      Level
   a - Summon Small Mammal            Summoning                    1
   b - Call Imp                       Summoning                    2
   c - Call Canine Familiar           Summoning                    3
   d - Summon Guardian Golem          Hexes/Summoning              3
   e - Summon Lightning Spire         Summoning/Air                4
   f - Summon Ice Beast               Ice/Summoning                4
Comestibles
 h - 3 meat rations
 p - a royal jelly


   Skills:
 + Level 7.4 Fighting
 + Level 0.3 Short Blades
 + Level 11.3 Axes
 + Level 3.6 Throwing
 + Level 2.2 Armour
 + Level 5.3 Dodging
 + Level 4.7 Stealth
   Level 1.6 Shields
 + Level 2.7 Invocations
 + Level 0.8 Evocations


You had 9 spell levels left.
You didn't know any spells.

Dungeon Overview and Level Annotations

Branches:
Dungeon (10/15)            Temple (0/1) D:6            Lair (0/6) D:9
    Orc (0/2) D:9

Altars:
Cheibriados
Nemelex Xobeh
Ru
Trog
Xom

Shops:
D:4 [   D:9 !

Annotations:
D:10 Ijustatesigmund's ghost, journeyman TrBe


Innate Abilities, Weirdness & Mutations

You have large cloven feet.
You are mostly covered in large bone plates. (SH +6)
A weak demonic guardian rushes to your aid.
You are partially covered in sharp spines.
Armour fits poorly on your strangely shaped body.


Message History

You feel yourself speed up.
Ijustatesigmund's ghost barely misses you.
You see here a glowing falchion.
Your iron imp hits Ijustatesigmund's ghost but does no damage.
Ijustatesigmund's ghost hits your iron imp!
You feel very mighty all of a sudden.
Your iron imp hits Ijustatesigmund's ghost but does no damage.
Ijustatesigmund's ghost hits your iron imp but does no damage.
Your iron imp barely misses Ijustatesigmund's ghost.
Ijustatesigmund's ghost hits your iron imp!
Your iron imp dies!
Ijustatesigmund's ghost turns its malevolent gaze towards you.
You see here a glowing falchion.
You slash Ijustatesigmund's ghost! You freeze Ijustatesigmund's ghost.
You kick Ijustatesigmund's ghost!
Ijustatesigmund's ghost is almost destroyed.
You completely miss Ijustatesigmund's ghost.
Ijustatesigmund's ghost is almost destroyed.
Ijustatesigmund's ghost hits you!!
You die...

## #######.### #############
.........# ##.........†.##
#......# #.............#
###.....# ##.............#
#......######.............##
....#.........W@........[..#
.
######.................####
###..................##
#..............###...
##............## #..#
#............# #...
##..........## #....
##......>.## #.... ##.....).
#.....


You could see Ijustatesigmund's ghost.

Vanquished Creatures
  A two-headed ogre (D:9)
  An ugly thing (D:8)
  A hippogriff (D:8)
  Prince Ribbit (D:7)
  A wyvern (D:9)
  8 yaks (D:9)
  Grum (D:9)
  A basilisk (D:9)
  5 porcupines (D:9)
  2 orc warriors (D:9)
  2 black bears
  An eye of draining (D:9)
  4 centaurs
  A sky beast (D:7)
  2 wolves (D:9)
  3 ogres
  4 crocodiles (D:9)
  A bullfrog (D:8)
  2 big kobolds (D:8)
  4 killer bees
  8 wights
  4 crimson imps
  2 centaur zombies
  A bullfrog zombie (D:8)
  4 jellies
  5 hounds
  A bullfrog skeleton (D:7)
  2 orc priests (D:9)
  2 centaur skeletons
  2 iguanas
  8 orc wizards
  6 worker ants
  A killer bee zombie (D:7)
  A worker ant zombie (D:10)
  6 adders
  9 gnolls
  A howler monkey skeleton (D:5)
  A shadow imp (D:9)
  2 worms
  2 adder zombies
  3 dart slugs
  6 leopard geckos
  33 orcs
  9 giant cockroaches
  8 hobgoblins
  9 jackals
  3 quokkas
  8 bats
  4 frilled lizards
  10 goblins
  16 kobolds
  2 quokka skeletons (D:4)
  7 rats
232 creatures vanquished.

Vanquished Creatures (collateral kills)
  A hungry ghost (D:8)
  The ghost of sergedm the Magician, an amateur DECj (D:3)
  2 ogres
  2 necrophages (D:7)
  A bullfrog (D:6)
  A gnoll sergeant (D:6)
  A crimson imp (D:6)
  Crazy Yiuf (D:2)
  Terence (D:2)
  2 gnolls
  4 orcs
  A goblin (D:3)
  A kobold (D:8)
  A leopard gecko skeleton (D:4)
20 creatures vanquished.

Vanquished Creatures (others)
  3 bushes (D:9)
  4 fungi (D:9)
  13 plants (D:9)
20 creatures vanquished.

Grand Total: 272 creatures vanquished

Notes
Turn   | Place    | Note
-------+----------+-------------------------------------------
     0 | Abyss:1  | sagitran the Demonspawn Abyssal Knight began the quest for the Orb.
     0 | Abyss:1  | Reached XP level 1. HP: 18/18 MP: 2/2
     9 | D:1      | Escaped the Abyss
   127 | D:1      | Reached skill level 2 in Axes
   295 | D:1      | Gained mutation: A weak demonic guardian rushes to your aid. [demonic ancestry]
   295 | D:1      | Reached XP level 2. HP: 23/24 MP: 3/3
   561 | D:1      | Reached ** piety under Lugonu
   561 | D:1      | Reached skill level 1 in Dodging
   984 | D:1      | Gained mutation: You are partially covered in large bone plates. (SH +4) [demonic ancestry]
   984 | D:1      | Reached XP level 3. HP: 27/29 MP: 4/4
  1286 | D:2      | Found a runed door.
  1346 | D:2      | Noticed Crazy Yiuf
  1353 | D:2      | Killed Crazy Yiuf
  1353 | D:2      | Reached XP level 4. HP: 32/35 MP: 6/6
  1480 | D:2      | Noticed Terence
  1506 | D:2      | Killed Terence
  1506 | D:2      | Reached skill level 3 in Axes
  1722 | D:2      | Found a faded altar of an unknown god.
  1761 | D:3      | You fall through a shaft for 2 floors!
  1761 | D:5      | Entered Level 5 of the Dungeon
  1896 | D:4      | Reached skill level 1 in Stealth
  1896 | D:4      | Gained mutation: You are mostly covered in large bone plates. (SH +6) [demonic ancestry]
  1896 | D:4      | Reached XP level 5. HP: 32/41 MP: 7/7
  1964 | D:4      | Noticed an ogre
  1973 | D:4      | Noticed an ogre
  2010 | D:3      | Killed an ogre
  2010 | D:3      | Reached skill level 4 in Axes
  2093 | D:3      | Reached *** piety under Lugonu
  2445 | D:3      | Gained mutation: You are partially covered in sharp spines. [demonic ancestry]
  2445 | D:3      | Reached XP level 6. HP: 47/47 MP: 8/8
  2757 | D:3      | Noticed sergedm's ghost (amateur DECj)
  2774 | D:3      | Killed sergedm's ghost
  2774 | D:3      | Reached skill level 5 in Axes
  3135 | D:4      | Reached XP level 7. HP: 32/54 MP: 9/9
  3365 | D:4      | Found Oritel's Antique Armour Emporium.
  3389 | D:4      | Found a bloodstained altar of Trog.
  3967 | D:5      | Reached skill level 6 in Axes
  4541 | D:6      | Reached XP level 8. HP: 52/61 MP: 10/10
  4594 | D:6      | Reached **** piety under Lugonu
  4661 | D:6      | Reached skill level 1 in Shields
  5389 | D:6      | Found a staircase to the Ecumenical Temple.
  5469 | D:7      | Reached skill level 1 in Throwing
  5473 | D:7      | Reached skill level 5 in Fighting
  5512 | D:7      | Reached skill level 7 in Axes
  5763 | D:7      | Noticed Prince Ribbit
  5783 | D:7      | Killed Prince Ribbit
  5783 | D:7      | Reached XP level 9. HP: 63/67 MP: 11/11
  6110 | D:8      | Noticed a brown ugly thing
  6138 | D:8      | Killed a brown ugly thing
  6138 | D:8      | Reached skill level 8 in Axes
  6194 | D:8      | Gained mutation: Armour fits poorly on your strangely shaped body. [mutagenic meat]
  6342 | D:9      | Reached skill level 5 in Dodging
  6354 | D:10     | Entered Level 10 of the Dungeon
  6440 | D:9      | Found Usifrahu's Distillery.
  6466 | D:9      | Reached ***** piety under Lugonu
  6468 | D:9      | Reached skill level 9 in Axes
  6581 | D:9      | Gained mutation: You have large cloven feet. [demonic ancestry]
  6581 | D:9      | Reached XP level 10. HP: 63/76 MP: 12/12
  6586 | D:9      | Reached skill level 10 in Axes
  6592 | D:9      | Found a staircase to the Lair.
  6890 | D:8      | Found a shimmering altar of Xom.
  7426 | D:9      | Found a staircase to the Orcish Mines.
  7530 | D:9      | Noticed Grum
  7534 | D:9      | Killed Grum
  7537 | D:9      | Reached skill level 11 in Axes
  7650 | D:9      | Noticed a two-headed ogre
  7655 | D:9      | Killed a two-headed ogre
  7800 | D:9      | Found a sacrificial altar of Ru.
  7800 | D:9      | Found a faded altar of an unknown god.
  7808 | D:9      | Found a snail-covered altar of Cheibriados.
  7810 | D:9      | Found a faded altar of an unknown god.
  7811 | D:9      | Found a sparkling altar of Nemelex Xobeh.
  7892 | D:10     | Noticed Ijustatesigmund's ghost (journeyman TrBe)
  7902 | D:10     | HP: 1/78 [Ijustatesigmund's ghost (28)]
  7923 | D:10     | Mangled by Ijustatesigmund's ghost

Vault maps used:
D:1:      dpeg_arrival_rooms_with_view, due_unseen_surprise
D:2:      chequers_ecumenical_altar_simple, uniq_terence,
          uniq_crazy_yiuf_cottage
D:3:      first_bread, minmay_misc_feat_roman
D:4:      marbit_many_paths, serial_shops, nicolae_shop_overgrown_old_shop
D:5:      kennysheep_six_static_rooms, kennysheep_generic_room_15
D:6:      minmay_temple_entry_enclosed_plants
D:7:      uniq_prince_ribbit1
D:8:      basic_altar
D:9:      chequers_temple_overflow_minitemple, minmay_lair_entry_grove,
          serial_shops, shop, uniq_grum
D:10:     special_room

Skill      XL: |  1  2  3  4  5  6  7  8  9 10 |
---------------+-------------------------------+-----
Axes           | 2 3 4 5 6 7 9 11 | 11.3
Armour         | 2 |  2.2
Dodging        | 1 2 3 4 5 |  5.3
Stealth        | 1 2 3 4 |  4.7
Fighting       | 4 5 6 7 |  7.4
Shields        | 1 |  1.6
Throwing       | 1 2 3 |  3.6
Short Blades   | |  0.3
Invocations    | |  2.7
Evocations     | |  0.8

Action                   |  1- 3 |  4- 6 |  7- 9 | 10-12 || total
-------------------------+-------+-------+-------+-------++-------
Melee: Hand axe          |   117 |    73 |   100 |       ||   290
       Mace              |       |     8 |       |       ||     8
       War axe           |       |    97 |       |       ||    97
       Dagger            |       |       |     8 |     1 ||     9
       Battleaxe         |       |       |   134 |    80 ||   214
       Kick              |       |       |       |    18 ||    18
 Fire: Blowgun           |       |       |    14 |     4 ||    18
Throw: Tomahawk          |       |       |     2 |    14 ||    16
Evoke: Wand              |       |       |     2 |       ||     2
  Use: Scroll            |     2 |     7 |    11 |     3 ||    23
       Potion            |       |     2 |     6 |     4 ||    12
 Stab: Sleeping          |     1 |     3 |     5 |       ||     9
       Distracted        |       |     1 |     4 |       ||     5
       Paralysed         |       |       |       |     1 ||     1
  Eat: Bread ration      |       |     2 |     2 |       ||     4
       Chunk             |       |       |     1 |       ||     1
       Royal jelly       |       |       |       |     2 ||     2
Armor: Leather armour    |     6 |       |       |       ||     6
       Steam dragon scal |    48 |    71 |    58 |    13 ||   190
Dodge: Dodged            |    78 |   100 |   152 |    63 ||   393
Block: Other             |     6 |    48 |    80 |    31 ||   165
